 Dungeon Crawl Stone Soup version 0.28.0-53-g5a82cb258f (webtiles) character file.

Game seed: 15143321484936839964

93 MissingN0 the Chopper (level 4, -4/61 HPs)
             Began as a Minotaur Berserker on July 20, 2022.
             Was a Believer of Trog.
             Slain by an orc
             ... wielding a +0 war axe
              (5 damage)
             ... on level 3 of the Dungeon.
             The game lasted 00:14:27 (2843 turns).

MissingN0 the Chopper (Minotaur Berserker)          Turns: 2843, Time: 00:14:28

Health: -4/61      AC:  2    Str: 24    XL:     4   Next: 37%
Magic:  3/3        EV: 12    Int:  4    God:    Trog [**....]
Gold:   66         SH:  0    Dex:  9    Spells: 3/3 levels left

rFire   . . .      SeeInvis .   a - +0 hand axe
rCold   . . .      Faith    +   (no shield)
rNeg    . . .      Spirit   .   b - +0 animal skin
rPois   .          Reflect  .   (helmet restricted)
rElec   .          Harm     .   (no cloak)
rCorr   .          Rampage  .   (no gloves)
Will    .....                   (no boots)
Stlth   ..........              f - amulet of faith
HPRegen 0.20/turn               (no ring)
MPRegen 0.08/turn               (no ring)

@: berserking, very quick
A: horns 2, retaliatory headbutt
a: Renounce Religion, Berserk, Trog's Hand


You were on level 3 of the Dungeon.
You worshipped Trog.
Trog was pleased with you.
You visited 1 branch of the dungeon, and saw 3 of its levels.

You collected 66 gold pieces.

Inventory:

Hand Weapons
 a - a +0 hand axe (weapon)
Armour
 b - a +0 animal skin (worn)
Jewellery
 f - an amulet of faith (around neck)
Scrolls
 d - 3 scrolls of identify
 e - 2 scrolls of blinking
 h - a scroll of fear
Potions
 c - 2 potions of lignification


   Skills:
 + Level 4.6 Fighting
 + Level 5.1 Axes
 + Level 2.7 Armour
 + Level 2.7 Dodging
 + Level 0.1 Stealth


You had 3 spell levels left.
You didn't know any spells.
Your spell library was empty.

Dungeon Overview and Level Annotations

Branches:
Dungeon (3/15)

Altars:

Annotations:
D:3 Grinder


Innate Abilities, Weirdness & Mutations

You have a pair of horns on your head.
You reflexively headbutt those who attack you in melee.


Message History

The orc hits you from afar with a +0 trident!
You slash the orc!
You kill the orc!
Trog accepts your kill. The orc misses you.
The orc throws a boomerang.
The boomerang barely misses you.
Grinder zaps a wand.
Some rock shatters into small pieces.
The orc closely misses you.
Things that are here:
a +0 mace; an orc corpse You barely miss the orc.
You hit the orc. The orc hits you with a +0 trident. The orc barely misses you.
An orc comes into view. It is wielding a +0 war axe.
You are too injured to fight recklessly!
You are too injured to fight recklessly!
You are too injured to fight recklessly!
The orc shouts!
You slash the orc!
You kill the orc!
Trog accepts your kill.
You barely miss the orc. The orc hits you with a +0 short sword.
Grinder says, "DUCK!"
The orc hits you with a +0 short sword.
You closely miss the orc. You headbutt the orc.
The orc is severely wounded.
Grinder blinks!
The orc hits you with a +0 short sword.
An orc comes into view. It is wielding a +0 hand axe.
The orc shouts!
You hit the orc.
You kill the orc!
Trog accepts your kill. Grinder gestures at you. Pain shoots through your body!
* * * LOW HITPOINT WARNING * * *
A red film seems to cover your vision as you go berserk!
You feel yourself moving faster!
You feel mighty!
An orc comes into view. It is wielding a +0 hand axe.
Grinder says, "At least Makhleb appreciates what I'm doing."
The orc hits you with a +0 war axe.
You die...

....##.#.# ##...)...#
#...#...# ##)......#
######### .........#
#.......# ###.#...##
#.....[.#
.##.##..####.5.....#
....##............)#.#
.#####.#####....@)..#
## #'# #....o).## ...
#.......# ....
####..### ..... ...o
....... .#..o# '.....
....... ##......


You could see Grinder and 3 orcs.

Vanquished Creatures
  2 adders
  3 worms (D:2)
  7 orcs
  2 endoplasms
  4 giant cockroaches
  8 goblins
  4 hobgoblins
  5 quokkas
  5 ball pythons
  3 frilled lizards
  9 kobolds
  3 rats
55 creatures vanquished.

Vanquished Creatures (others)
  A fungus (D:3)
  A plant (D:3)
2 creatures vanquished.

Grand Total: 57 creatures vanquished

Notes
Turn   | Place    | Note
-------+----------+-------------------------------------------
     0 | D:1      | MissingN0 the Minotaur Berserker began the quest for the
                  | Orb.
     0 | D:1      | Reached XP level 1. HP: 19/19 MP: 0/0
   318 | D:1      | Reached XP level 2. HP: 27/27 MP: 1/1
   369 | D:1      | Reached skill level 4 in Axes
   719 | D:1      | Reached ** piety under Trog
  1190 | D:2      | Reached XP level 3. HP: 33/33 MP: 2/2
  2493 | D:3      | Reached XP level 4. HP: 33/41 MP: 3/3
  2615 | D:3      | Reached skill level 5 in Axes
  2828 | D:3      | Noticed Grinder
  2842 | D:3      | HP: 1/41 [Grinder/nerve-wracking pain (14)]
  2843 | D:3      | Slain by an orc

Illustrated notes

Levels and vault maps discovered:
D:1:      dpeg_arrival_shelter, layout_loops_ring
D:2:      layout_loops_corners, st_stairs_10
D:3:      layout_loops_corners, shapermc_ecumenical_altar_rom_forum,
          st_stairs_9, minmay_cut_off, uniq_grinder

Skill      XL: |  1  2  3  4 |
---------------+-------------+-----
Fighting       | 4 |  4.6
Axes           | 4 5 |  5.1
Armour         | |  2.7
Dodging        | |  2.7
Stealth        | |  0.1

Action                   |  1- 3 |  4- 6 || total
-------------------------+-------+-------++-------
Melee: Hand axe          |   102 |    26 ||   128
       Headbutt          |    19 |     2 ||    21
       Punch             |     1 |       ||     1
Invok: Berserk           |       |     1 ||     1
  Use: Scroll            |     4 |     1 ||     5
       Potion            |     3 |       ||     3
 Stab: Sleeping          |     1 |       ||     1
Armor: Animal skin       |    11 |     4 ||    15
Dodge: Dodged            |    49 |    18 ||    67
